AoeStats
← Tine

Highland

506099493Analyzed
2v2 RM · 21d ago on Sep 12, 2026· 46m 42s· 4 players
Game mode
Random Map
Map size
Medium (4 player)
Population
200
Speed
Normal
Resources
Standard
Victory
Conquest
Starting age
Dark Age
Ending age
Imperial Age
RankedLock teamsTeams togetherTeam positionsShared explorationLock speedFull tech treeHidden civsTurbo modeCheats
Victory
Defeat
🇻🇳 Spanish · Vietnam
961
+14
🇩🇪 Huns · Germany
863
+18
🇳🇱 Bulgarians · Netherlands
1000
-59
🇳🇱 Romans · Netherlands
839
-36
Wiiner
8:23 Loom
11:02 Feudal Age
17:24 Castle Age
16:12 Stone Mining
30:13 Husbandry
30:14 Fletching
31:31 Double-Bit Axe
33:13 Forging
33:18 Gold Mining
34:03 Scale Barding Armor
37:15 Bloodlines
41:31 Imperial Age
41:09 Horse Collar
42:19 Cavalier
Simaox
0:34 Loom
11:14 Feudal Age
11:45 Double-Bit Axe
12:12 Horse Collar
15:25 Forging
20:57 Castle Age
19:38 Scale Barding Armor
20:26 Bloodlines
21:38 Heavy Plow
22:22 Wheelbarrow
22:14 Bow Saw
22:56 Gold Mining
25:09 Hand Cart
25:45 Gold Shaft Mining
26:11 Fletching
26:56 Iron Casting
26:36 Husbandry
27:43 Bodkin Arrow
27:49 Padded Archer Armor
29:52 Leather Archer Armor
29:58 Thumb Ring
30:21 Town Watch
31:40 Scale Mail Armor
31:50 Pikeman
33:18 Squires
34:44 Iron Casting
35:57 Chain Barding Armor
35:52 Chain Mail Armor
35:47 Town Patrol
36:21 Ballistics
44:22 Stone Mining
48:51 Imperial Age
Tine
8:23 Loom
10:25 Feudal Age
10:48 Man-at-Arms
13:28 Wheelbarrow
13:30 Horse Collar
18:56 Forging
18:46 Scale Mail Armor
21:52 Castle Age
20:16 Double-Bit Axe
22:08 Fletching
22:19 Padded Archer Armor
22:15 Long Swordsman
22:56 Squires
22:28 Long Swordsman
23:20 Bow Saw
23:49 Heavy Plow
24:00 Squires
30:16 Hand Cart
30:08 Pikeman
31:49 Iron Casting
31:30 Chain Mail Armor
35:58 Imperial Age
33:37 Gold Mining
33:41 Stone Mining
36:19 Heavy Scorpion
41:40 Halberdier
43:00 Gold Shaft Mining
43:08 Capped Ram
45:24 Comitatenses
Spoon
12:27 Feudal Age
14:32 Loom
16:59 Castle Age
19:00 Horse Collar
19:07 Double-Bit Axe
19:40 Forging
20:11 Gold Mining
22:25 Bloodlines
23:30 Scale Barding Armor
24:00 Fletching
25:22 Iron Casting
26:00 Heavy Plow
28:01 Pikeman
32:06 Husbandry
32:10 Bodkin Arrow
34:18 Wheelbarrow
33:35 Town Watch
34:31 Chain Barding Armor
37:25 Elite Skirmisher
44:03 Imperial Age
41:49 Hand Cart
44:30 Squires
44:16 Gambesons
44:35 Scale Mail Armor
45:00 Cavalier
47:21 Blast Furnace
46:58 Plate Barding Armor
46:26 Bracer
46:04 Capped Ram
Connection lost

Rejoining the realm…

Still unreachable

The connection could not be restored.

Session expired

The server has moved on; the page needs a fresh start.